 Dungeon Crawl Stone Soup version 0.26-b1-32-g5d43845318 (webtiles) character file.

Game seed: 4364905273433843994

91 Borgoz the Cudgeller (level 4, -17/38 HPs)
             Began as a Ghoul Gladiator on Jan 13, 2021.
             Demolished by an orc warrior
             ... wielding a +0 mace
              (21 damage)
             ... on level 3 of the Dungeon.
             The game lasted 00:01:48 (2077 turns).

Borgoz the Cudgeller (Ghoul Gladiator)              Turns: 2077, Time: 00:01:48

Health: -17/38     AC:  4    Str: 17    XL:     4   Next: 57%
Magic:  3/3        EV: 12    Int:  3    God:
Gold:   47         SH:  0    Dex: 11    Spells: 3/3 levels left

rFire    . . .     SeeInvis .   a - +0 flail
rCold    + . .     Faith    .   (no shield)
rNeg     + + +     Spirit   .   b - +0 leather armour
rPois    ∞         Reflect  .   c - +0 helmet
rElec    .         Harm     .   (no cloak)
rCorr    .         Rampage  .   (no gloves)
Will     .....                  (no boots)
Stlth    +.........             (no amulet)
HPRegen  0.00/turn              (no ring)
MPRegen  0.08/turn              (no ring)

@: flying
A: claws 1, cold resistance 1, negative energy resistance 3, inhibited
regeneration, torment resistance, unbreathing
a: no special abilities


You were on level 3 of the Dungeon.
You visited 1 branch of the dungeon, and saw 3 of its levels.

You collected 47 gold pieces.

Inventory:

Hand Weapons
 a - a +0 flail (weapon)
Missiles
 d - 3 throwing nets (quivered)
Armour
 b - a +0 leather armour (worn)
 c - a +0 helmet (worn)
Scrolls
 e - a scroll of enchant weapon {unknown}
 f - a scroll of identify {unknown}
 g - a scroll of remove curse {unknown}
 i - a scroll of noise {unknown}


   Skills:
 * Level 3.2 Fighting
 * Level 3.3 Maces & Flails
 - Level 1.7 Throwing
 * Level 1.5 Armour
 * Level 3.2 Dodging


You had 3 spell levels left.
You didn't know any spells.
Your spell library was empty.

Dungeon Overview and Level Annotations

Branches:
Dungeon (3/15)

Altars:


Innate Abilities, Weirdness & Mutations

You thrive by killing the living.
You are immune to poison.
You have sharp fingernails.
Your flesh is cold resistant. (rC+)
You are immune to negative energy. (rN+++)
You do not regenerate when monsters are visible.
You are immune to unholy pain and torment.
You can survive without breathing.


Message History

You miss something.
You hear some strange, mumbled words.
Something tries to affect you, but you resist.
The kobold throws a poisoned dart.
Something hits you.
* * * LOW HITPOINT WARNING * * *
It was a potion of flight.
You feel very buoyant.
You fly up into the air.
The kobold throws a poisoned dart.
The poisoned dart hits you! Something hits you but does no damage.
The kobold throws a poisoned dart.
The poisoned dart closely misses you.
An orc warrior comes into view. It is wielding a +0 mace.
The orc warrior shouts!
The kobold throws a poisoned dart.
A puff of flame appears from out of thin air!
The puff of flame hits you.
* * * LOW HITPOINT WARNING * * *
You feel a bit more experienced.
The orc warrior hits you with a +0 mace!!
Ouch! That really hurt!
You die...

... .......
#.###....?..
#...)# ##o#.#
#(#.# #{#..
#######.###.
#...##...###.#
#..o@..........
##...##.(.###.##
#...[....##
###))##### #..#
#..# #..# #..#
#..#


You could see an orc warrior.

Vanquished Creatures
  A gnoll (D:1)
  An adder (D:2)
  An ooze (D:1)
  2 worms (D:2)
  A dart slug (D:2)
  3 leopard geckos
  4 orcs (D:3)
  8 bats
  6 giant cockroaches
  4 goblins
  6 hobgoblins
  4 kobolds (D:2)
  3 frilled lizards (D:2)
  7 rats
51 creatures vanquished.

Vanquished Creatures (others)
  An orc wizard (D:3)
  A plant (D:3)
2 creatures vanquished.

Grand Total: 53 creatures vanquished

Notes
Turn   | Place    | Note
-------+----------+-------------------------------------------
     0 | D:1      | Borgoz the Ghoul Gladiator began the quest for the Orb.
     0 | D:1      | Reached XP level 1. HP: 17/17 MP: 0/0
   308 | D:1      | Reached XP level 2. HP: 25/25 MP: 1/1
   346 | D:1      | Reached skill level 1 in Armour
   346 | D:1      | Reached XP level 3. HP: 23/30 MP: 2/2
   774 | D:1      | You fall into a shaft and drop 1 floor!
  1606 | D:2      | Reached XP level 4. HP: 38/38 MP: 3/3
  2074 | D:3      | Noticed an orc warrior
  2077 | D:3      | Demolished by an orc warrior

Illustrated notes

Levels and vault maps discovered:
D:1:      elethiomel_arrival_infinity_welcomes_careful_drivers,
          layout_loops_ring, hex_medium
D:2:      layout_rooms
D:3:      layout_loops_ring, led_sif_pool, nemelex_xobeh_ov_fountains_minmay,
          ebering_ghost_sewer_f, serial_bayou_pond_d, minmay_misc_feat_alley,
          minivault_26

Skill      XL: |  1  2  3 |
---------------+----------+-----
Maces & Flails | 3 |  3.3
Armour         | 1 |  1.5
Dodging        | 3 |  3.2
Fighting       | 3 |  3.2
Throwing       | |  1.7

Action                   |  1- 3 |  4- 6 || total
-------------------------+-------+-------++-------
Melee: Flail             |   116 |    50 ||   166
Throw: Throwing net      |     3 |       ||     3
  Use: Potion            |       |     1 ||     1
Armor: Leather armour    |    39 |     5 ||    44
Dodge: Dodged            |   107 |    34 ||   141
